 Dungeon Crawl Stone Soup version 0.22-a0-538-g76cc104 (webtiles) character file.

58 inc the Digger (level 4, -1/27 HPs)
             Began as an Octopode Earth Elementalist on June 23, 2018.
             Slain by Terence
             ... wielding a +0 hand axe
              (4 damage)
             ... on level 2 of the Dungeon.
             The game lasted 00:02:48 (1722 turns).

inc the Digger (Octopode Earth Elementalist)        Turns: 1722, Time: 00:02:48

Health: -1/27      AC:  1    Str:  7    XL:     4   Next: 2%
Magic:  2/7        EV: 13    Int: 18    God:
Gold:   107        SH:  0    Dex: 12    Spells: 6/7 levels left

rFire    . . .     SeeInvis .   g - +3 short sword
rCold    . . .     Gourm    .   (no shield)
rNeg     . . .     Faith    .   (helmet restricted)
rPois    .         Spirit   .   (no amulet)
rElec    .         Reflect  .   (no ring)
rCorr    .         Harm     .   (no ring)
MR       .....                  (no ring)
Stlth    +++.......             (no ring)
HPRegen  0.09/turn              (no ring)
MPRegen  0.10/turn              (no ring)
                                (no ring)
                                (no ring)

@: no status effects
A: almost no armour, stealthy swim, amphibious, 8 rings, constrict 8, camouflage
1, gelatinous body 1
a: no special abilities


You were on level 2 of the Dungeon.
You were hungry.

You visited 1 branch of the dungeon, and saw 2 of its levels.

You collected 107 gold pieces.

Inventory:

Hand Weapons
 g - a +3 short sword (weapon)
Missiles
 b - 38 stones (quivered)
Scrolls
 a - a scroll of remove curse {unknown}
 e - a scroll of blinking {unknown}
 f - 4 scrolls of amnesia {unknown}
 i - a scroll of enchant weapon {unknown}
 j - a scroll of teleportation {unknown}
 k - 3 scrolls of identify {unknown}
 m - 2 scrolls of magic mapping {unknown}
Potions
 d - a potion of flight {unknown}
 h - 2 potions of curing {unknown}
Comestibles
 c - 5 rations


   Skills:
 - Level 2.0 Dodging
 - Level 2.6 Stealth
 - Level 2.0 Spellcasting
   Level 1.0 Transmutations
 + Level 4.8 Earth Magic


You had 6 spell levels left.
You knew the following spells:

 Your Spells              Type           Power        Failure   Level  Hunger
a - Sandblast             Erth           ###...       2%          1    #......

Your spell library contained the following spells:

 Spells                   Type           Power        Failure   Level  Hunger
 Confuse                  Hex            #.......     47%         3    ###....
 Stone Arrow              Conj/Erth      ##....       21%         3    ###....
 Confusing Touch          Hex            #.....       19%         1    #......
 Passwall                 Tmut/Erth      ##......     9%          2    ###....
 Metabolic Englaciation   Hex/Ice        #.........   99%         5    ######.
 Lee's Rapid Deconstruct  Erth           ###.......   56%         5    ######.
 Petrify                  Tmut/Erth      ##......     50%         4    #####..
 Gell's Gravitas          Tloc           #.........   47%         3    ###....
 Yara's Violent Unravell  Hex/Tmut       #.........   99%         5    ######.


Dungeon Overview and Level Annotations

Branches:
Dungeon (2/15)

Altars:

Annotations:
D:2 Terence


Innate Abilities, Weirdness & Mutations

You cannot wear most types of armour.
You are very stealthy in the water. (Stealth+)
You are amphibious.
You can wear up to eight rings at the same time.
You can use your tentacles to constrict eight enemies at once.
Your skin changes colour to match your surroundings (Stealth+).
Your rubbery body absorbs attacks. (AC +1, EV +1)


Message History

You constrict Terence. Terence hits you with a hand axe.
* * * LOW HITPOINT WARNING * * *
Casting: Sandblast (safe; 2% risk of failure)
Confirm with . or Enter, or press ? or * to list all spells.
You don't have enough magic to cast that spell.
You release your grip on Terence.
Terence screams, "I want your blood!"
Casting: Sandblast (safe; 2% risk of failure)
Confirm with . or Enter, or press ? or * to list all spells.
Aiming: Sandblast (safe; 2% risk of failure)
Press: ? - help, Shift-Dir - straight line, f/p - Terence
Aim: Terence, wielding a hand axe and wearing a scale mail (severely wounded)
The blast of sand misses Terence.
b - 38 stones Terence hits you with a hand axe.
* * * LOW HITPOINT WARNING * * *
You closely miss Terence. Your grab misses Terence.
Terence is severely wounded.
Terence hits you with a hand axe.
You die...

#######...###.....# #..# #.#
.....##...###.....####..# #..
.....................#..# #.#
####.###.....#######.#..# #.# #
#.# #####.#....<#.#..# #.. ####.#
#...........#.#..# #.. ...#.#
#.###.#.....#.#.(# #..
...#.###.###.#####......# ###..
.>.............@@..#...######....
........................[........
##.#.....#.#.####..#######.##....
#'#+#####'#.#####.# #.##....
......# #.........[### #.####+#
......# #....####....# #†#
......# #....# #....# #.# ......#
#....# #....# #.# ......# #....#
#....# #.#


You could see Terence.

Vanquished Creatures
  2 adders (D:2)
  An ooze (D:1)
  A worm (D:2)
  5 bats
  A giant cockroach (D:2)
  7 goblins (D:1)
  2 hobgoblins
  2 jackals (D:1)
  3 kobolds
  A quokka (D:2)
  3 frilled lizards (D:1)
  4 rats
32 creatures vanquished.

Notes
Turn   | Place    | Note
-------+----------+-------------------------------------------
     0 | D:1      | inc the Octopode Earth Elementalist began the quest for the Orb.
     0 | D:1      | Reached XP level 1. HP: 11/11 MP: 3/3
   145 | D:1      | Reached XP level 2. HP: 15/17 MP: 3/5
   499 | D:1      | Reached skill level 4 in Earth Magic
   724 | D:1      | Reached XP level 3. HP: 21/21 MP: 4/6
  1362 | D:2      | Reached XP level 4. HP: 20/27 MP: 5/7
  1683 | D:2      | Noticed Terence
  1722 | D:2      | Slain by Terence

Vault maps used:
D:1:      dpeg_arrival_stonehenge_8_columns, serial_park_tiny_2
D:2:      gammafunk_temple_overflow_pools, chequers_ecumenical_altar_grove,
          uniq_terence, uniq_natasha

Skill      XL: |  1  2 |
---------------+-------+-----
Earth Magic    | 4 |  4.8
Dodging        | |  2.0
Stealth        | |  2.6
Spellcasting   | |  2.0
Transmutations | |  1.0

Action                   |  1- 3 |  4- 6 || total
-------------------------+-------+-------++-------
Melee: Unarmed           |    15 |       ||    15
       Constrict         |     8 |     1 ||     9
       Tentacles         |     6 |       ||     6
       Short sword       |    25 |     3 ||    28
 Cast: Sandblast         |    18 |     9 ||    27
 Stab: Sleeping          |     8 |     2 ||    10
  Eat: Chunk             |     2 |       ||     2
Armor: Skin              |     4 |       ||     4
Dodge: Dodged            |    33 |     3 ||    36

Table legend:
 A = Spawn XP
 B = Non-spawn XP
 C = Spawn XP percentage of total XP
 D = Spawn monster count
 E = Non-spawn monster count
 F = Spawn count percentage of total count
 G = Total turns spent on level
                    A         B        C        D         E        F      G
               +---------+---------+-------+---------+---------+-------+---------
         Total |       0 |      84 |   0.0 |       0 |      32 |   0.0 |  1722
               +---------+---------+-------+---------+---------+-------+---------
           D:1 |       0 |      36 |   0.0 |       0 |      19 |   0.0 |   928
           D:2 |       0 |      48 |   0.0 |       0 |      13 |   0.0 |   794
               +---------+---------+-------+---------+---------+-------+---------
